[ AOE2 MATCH · #481027339 ]
Team RMWu vs Malians
[ REPLAY ANALYSIS · EXTRACTED FROM THE RECORDED GAME ]
Feudal
13:07
Castle
17:05
Imperial
—
| APM avg | 24.6 |
| APM peak | 57 |
| eAPM avg | 14.0 |
| Villagers / military | 77 / 2 |
Focus
⚔️ 17.6% · 🌾 82.4%
Monk ×2
Feudal
10:15
Castle
17:23
Imperial
—
| APM avg | 23.9 |
| APM peak | 50 |
| eAPM avg | 11.6 |
| Villagers / military | 38 / 19 |
Focus
⚔️ 15.5% · 🌾 84.5%
Knight ×18 · Militia ×1
Feudal
10:07
Castle
20:38
Imperial
—
| APM avg | 17.8 |
| APM peak | 32 |
| eAPM avg | 10.0 |
| Villagers / military | 43 / 22 |
Focus
⚔️ 22.5% · 🌾 77.5%
Archer ×22 · Fishing Ship ×9
Feudal
10:19
Castle
15:17
Imperial
—
| APM avg | 20.0 |
| APM peak | 46 |
| eAPM avg | 11.4 |
| Villagers / military | 49 / 6 |
Focus
⚔️ 25.4% · 🌾 74.6%
Scorpion ×4 · Mangonel ×2
Match map
Resources at game start + every placement click. Thick line = wall · dashed box = detected house wall. 🟡 gold · ⚪ stone · 🟢 berries · 🔶 boar · ⭕ relic
Inputs per minute
— [M] Nico - - kurdi
Build order — [M] Nico
140 actions detected in the replay
| 0:03 | Build | House |
| 0:04 | Build | House |
| 0:08 | Create | Villager (Male) |
| 0:08 | Create | Villager (Male) |
| 0:08 | Create | Villager (Male) |
| 0:08 | Create | Villager (Male) |
| 1:30 | Create | Villager (Male) |
| 1:30 | Create | Villager (Male) |
| 2:05 | Create | Villager (Male) |
| 2:05 | Create | Villager (Male) |
| 2:07 | Build | Lumber Camp |
| 2:27 | Create | Villager (Male) |
| 2:46 | Create | Villager (Male) |
| 2:46 | Create | Villager (Male) |
| 3:09 | Create | Villager (Male) |
| 3:09 | Create | Villager (Male) |
| 4:01 | Create | Villager (Male) |
| 4:17 | Create | Villager (Male) |
| 5:24 | Create | Villager (Male) |
| 5:35 | Build | Mill |
| 6:08 | Create | Villager (Male) |
| 6:12 | Build | House |
| 6:30 | Create | Villager (Male) |
| 6:30 | Create | Villager (Male) |
| 6:30 | Create | Villager (Male) |
| 6:37 | Build | House |
| 6:41 | Build | House |
| 6:43 | Create | Villager (Male) |
| 6:43 | Create | Villager (Male) |
| 6:50 | Create | Villager (Male) |
| 6:51 | Create | Villager (Male) |
| 7:31 | Build | Palisade Wall |
| 7:33 | Build | Palisade Wall |
| 7:35 | Build | Palisade Wall |
| 7:37 | Build | Palisade Wall |
| 7:43 | Build | Palisade Wall |
| 7:46 | Build | Palisade Wall |
| 7:57 | Create | Villager (Male) |
| 8:13 | Create | Villager (Male) |
| 8:35 | Build | Mill |
| 8:44 | Create | Villager (Male) |
| 8:55 | Build | Palisade Wall |
| 8:58 | Build | Palisade Wall |
| 9:38 | Research | Loom |
| 9:39 | Research | Feudal Age |
| 9:46 | Build | Mining Camp |
| 11:30 | Create | Villager (Male) |
| 11:31 | Create | Villager (Male) |
| 11:39 | Build | House |
| 13:07 | Age | Feudal Age |
| 13:11 | Build | Market |
| 13:12 | Build | Blacksmith |
| 13:33 | Build | Lumber Camp |
| 13:55 | Research | Horse Collar |
| 14:05 | Research | Double-Bit Axe |
| 14:08 | Research | Horse Collar |
| 14:08 | Research | Horse Collar |
| 14:25 | Research | Castle Age |
| 15:53 | Build | House |
| 16:49 | Build | Palisade Wall |
| 16:59 | Build | Farm |
| 17:00 | Build | Farm |
| 17:00 | Build | Farm |
| 17:00 | Build | Farm |
| 17:00 | Build | Farm |
| 17:01 | Build | Farm |
| 17:01 | Build | Farm |
| 17:01 | Build | Farm |
| 17:05 | Age | Castle Age |
| 17:18 | Build | Town Center |
| 17:23 | Build | Town Center |
| 17:32 | Build | House |
| 17:34 | Build | Palisade Wall |
| 17:52 | Create | Villager (Male) |
| 17:52 | Create | Villager (Male) |
| 18:23 | Create | Villager (Male) |
| 18:43 | Create | Villager (Male) |
| 18:43 | Create | Villager (Male) |
| 18:43 | Create | Villager (Male) |
| 18:43 | Create | Villager (Male) |
| 18:56 | Create | Villager (Male) |
| 18:56 | Create | Villager (Male) |
| 18:59 | Build | Farm |
| 19:17 | Build | Farm |
| 19:19 | Create | Villager (Male) |
| 19:19 | Create | Villager (Male) |
| 19:50 | Build | Lumber Camp |
| 19:57 | Create | Villager (Male) |
| 19:58 | Create | Villager (Male) |
| 19:58 | Create | Villager (Male) |
| 20:01 | Build | Palisade Wall |
| 20:17 | Create | Villager (Male) |
| 20:17 | Create | Villager (Male) |
| 20:22 | Build | Farm |
| 20:22 | Build | Farm |
| 20:22 | Build | Farm |
| 20:29 | Create | Villager (Male) |
| 20:29 | Create | Villager (Male) |
| 20:29 | Create | Villager (Male) |
| 20:43 | Build | Monastery |
| 20:47 | Create | Villager (Male) |
| 20:47 | Create | Villager (Male) |
| 20:47 | Create | Villager (Male) |
| 21:01 | Create | Villager (Male) |
| 21:01 | Create | Villager (Male) |
| 21:09 | Create | Monk |
| 21:15 | Build | Farm |
| 21:16 | Build | Farm |
| 21:24 | Create | Villager (Male) |
| 21:24 | Create | Villager (Male) |
| 21:24 | Create | Villager (Male) |
| 21:35 | Build | Farm |
| 21:35 | Create | Villager (Male) |
| 21:36 | Create | Villager (Male) |
| 21:41 | Build | Farm |
| 21:42 | Build | Farm |
| 21:42 | Build | Farm |
| 21:42 | Build | Farm |
| 21:43 | Build | Farm |
| 21:46 | Create | Villager (Male) |
| 21:47 | Create | Villager (Male) |
| 21:47 | Create | Villager (Male) |
| 21:55 | Create | Villager (Male) |
| 21:55 | Create | Villager (Male) |
| 22:06 | Create | Villager (Male) |
| 22:29 | Create | Villager (Male) |
| 22:29 | Create | Villager (Male) |
| 22:29 | Create | Villager (Male) |
| 22:49 | Create | Monk |
| 22:50 | Create | Villager (Male) |
| 22:50 | Create | Villager (Male) |
| 22:50 | Create | Villager (Male) |
| 22:50 | Create | Villager (Male) |
| 23:16 | Build | Castle |
| 23:24 | Create | Villager (Male) |
| 23:24 | Create | Villager (Male) |
| 23:24 | Create | Villager (Male) |
| 24:02 | Create | Villager (Male) |
| 24:02 | Create | Villager (Male) |
| 24:02 | Create | Villager (Male) |
Build order — kurdi
114 actions detected in the replay
| 0:00 | Create | Villager (Male) |
| 0:02 | Build | House |
| 0:03 | Build | House |
| 0:04 | Create | Villager (Male) |
| 0:15 | Create | Villager (Male) |
| 0:19 | Create | Villager (Male) |
| 1:29 | Create | Villager (Male) |
| 2:03 | Build | Lumber Camp |
| 2:04 | Create | Villager (Male) |
| 2:29 | Create | Villager (Male) |
| 2:50 | Create | Villager (Male) |
| 3:18 | Create | Villager (Male) |
| 3:26 | Create | Villager (Male) |
| 3:33 | Build | House |
| 4:01 | Create | Villager (Male) |
| 4:03 | Build | House |
| 4:31 | Build | Mill |
| 4:40 | Build | Palisade Wall |
| 4:45 | Create | Villager (Male) |
| 4:45 | Create | Villager (Male) |
| 5:13 | Create | Villager (Male) |
| 5:42 | Create | Villager (Male) |
| 5:56 | Create | Villager (Male) |
| 6:47 | Research | Loom |
| 6:56 | Build | Barracks |
| 7:38 | Create | Militia |
| 8:05 | Research | Feudal Age |
| 10:15 | Age | Feudal Age |
| 10:18 | Research | Double-Bit Axe |
| 10:19 | Create | Villager (Male) |
| 10:49 | Create | Villager (Male) |
| 10:52 | Build | Farm |
| 10:59 | Build | Farm |
| 11:02 | Build | Farm |
| 11:11 | Create | Villager (Male) |
| 11:13 | Build | Farm |
| 11:16 | Build | Farm |
| 11:21 | Build | House |
| 11:28 | Create | Villager (Male) |
| 11:42 | Create | Villager (Male) |
| 11:44 | Build | Farm |
| 11:49 | Build | Farm |
| 11:50 | Build | Farm |
| 12:00 | Build | Mining Camp |
| 12:18 | Create | Villager (Male) |
| 13:12 | Build | Stable |
| 13:35 | Build | Blacksmith |
| 14:38 | Research | Horse Collar |
| 14:41 | Research | Gold Mining |
| 14:43 | Research | Castle Age |
| 15:05 | Build | Lumber Camp |
| 15:17 | Build | Stable |
| 15:26 | Build | Farm |
| 15:42 | Build | Farm |
| 15:57 | Build | Farm |
| 16:01 | Research | Bloodlines |
| 16:08 | Create | Villager (Male) |
| 16:23 | Build | House |
| 16:44 | Research | Forging |
| 17:05 | Build | Farm |
| 17:23 | Age | Castle Age |
| 17:24 | Research | Bow Saw |
| 17:28 | Build | House |
| 17:29 | Create | Villager (Male) |
| 17:34 | Build | Farm |
| 17:46 | Create | Knight |
| 17:47 | Create | Knight |
| 17:51 | Build | Farm |
| 17:57 | Build | House |
| 18:03 | Create | Villager (Male) |
| 18:14 | Build | Farm |
| 18:20 | Create | Knight |
| 18:27 | Create | Villager (Male) |
| 18:31 | Build | House |
| 18:50 | Create | Villager (Male) |
| 19:11 | Build | Mining Camp |
| 19:18 | Build | House |
| 19:22 | Research | Scale Barding Armor |
| 19:29 | Create | Villager (Male) |
| 19:34 | Create | Knight |
| 19:34 | Create | Knight |
| 19:43 | Build | House |
| 19:54 | Create | Knight |
| 19:54 | Create | Knight |
| 20:00 | Build | Farm |
| 20:01 | Create | Villager (Male) |
| 20:29 | Create | Villager (Male) |
| 20:31 | Create | Knight |
| 20:31 | Create | Knight |
| 20:46 | Create | Villager (Male) |
| 20:47 | Create | Knight |
| 20:50 | Build | Farm |
| 20:58 | Build | Farm |
| 21:10 | Create | Villager (Male) |
| 21:11 | Create | Knight |
| 21:11 | Create | Knight |
| 21:15 | Build | Farm |
| 21:22 | Create | Villager (Male) |
| 21:49 | Create | Villager (Male) |
| 21:52 | Create | Knight |
| 21:52 | Create | Knight |
| 22:34 | Create | Villager (Male) |
| 22:36 | Research | Husbandry |
| 22:43 | Create | Villager (Male) |
| 23:15 | Create | Villager (Male) |
| 23:17 | Create | Knight |
| 23:17 | Create | Knight |
| 23:22 | Build | Farm |
| 23:26 | Build | Farm |
| 23:58 | Create | Knight |
| 23:59 | Create | Knight |
| 24:03 | Create | Villager (Male) |
| 24:07 | Build | Farm |
| 24:08 | Build | Farm |
Build order — €njøy™
109 actions detected in the replay
| 0:02 | Create | Villager (Male) ×4 |
| 0:05 | Build | House |
| 0:07 | Build | House |
| 0:09 | Build | House |
| 1:39 | Create | Villager (Male) |
| 1:57 | Create | Villager (Male) |
| 2:16 | Create | Villager (Male) |
| 2:42 | Build | Lumber Camp |
| 2:44 | Create | Villager (Male) |
| 2:50 | Create | Villager (Male) |
| 3:30 | Create | Villager (Male) |
| 3:51 | Create | Villager (Male) |
| 3:51 | Create | Villager (Male) |
| 4:15 | Build | Mill |
| 4:20 | Create | Villager (Male) |
| 4:20 | Create | Villager (Male) |
| 4:49 | Create | Villager (Male) |
| 5:42 | Build | House |
| 5:46 | Build | House |
| 5:52 | Build | Barracks |
| 5:54 | Create | Villager (Male) |
| 6:25 | Create | Villager (Male) |
| 6:27 | Create | Villager (Male) |
| 7:10 | Create | Villager (Male) |
| 7:32 | Create | Villager (Male) |
| 7:55 | Research | Feudal Age |
| 8:44 | Research | Loom |
| 8:56 | Build | House |
| 9:51 | Build | House |
| 9:53 | Build | House |
| 9:54 | Build | House |
| 10:05 | Create | Villager (Male) |
| 10:07 | Create | Villager (Male) |
| 10:07 | Age | Feudal Age |
| 10:17 | Build | Dock |
| 10:25 | Build | Archery Range |
| 10:36 | Build | Mining Camp |
| 10:47 | Research | Double-Bit Axe |
| 11:04 | Create | Villager (Male) |
| 11:06 | Create | Villager (Male) |
| 11:22 | Build | Palisade Wall |
| 11:28 | Create | Archer |
| 11:42 | Create | Archer |
| 11:56 | Build | Lumber Camp |
| 11:58 | Create | Villager (Male) |
| 12:17 | Build | Farm |
| 12:17 | Build | Farm |
| 12:17 | Build | Farm |
| 12:18 | Build | Farm |
| 12:18 | Build | Farm |
| 12:18 | Build | Farm |
| 12:28 | Create | Archer |
| 12:38 | Create | Villager (Male) |
| 12:39 | Create | Villager (Male) |
| 12:51 | Build | Palisade Wall |
| 12:58 | Build | Farm |
| 13:01 | Create | Archer |
| 13:02 | Create | Villager (Male) |
| 13:25 | Create | Archer |
| 13:33 | Create | Villager (Male) |
| 13:35 | Build | Farm |
| 13:51 | Build | Building 796 |
| 13:55 | Create | Villager (Male) |
| 14:03 | Create | Fishing Ship ×2 |
| 14:19 | Create | Archer |
| 14:29 | Create | Villager (Male) |
| 14:59 | Create | Fishing Ship |
| 15:02 | Create | Villager (Male) |
| 15:08 | Build | Farm |
| 15:08 | Build | Farm |
| 15:15 | Create | Villager (Male) |
| 15:53 | Create | Villager (Male) |
| 15:54 | Build | Farm |
| 15:55 | Build | Farm |
| 16:02 | Build | House |
| 16:04 | Build | House |
| 16:41 | Create | Villager (Male) |
| 16:47 | Create | Fishing Ship |
| 16:47 | Create | Fishing Ship |
| 16:58 | Build | Farm |
| 17:30 | Build | Blacksmith |
| 17:33 | Create | Villager (Male) |
| 17:58 | Research | Castle Age |
| 18:06 | Build | Mining Camp |
| 18:08 | Research | Fletching |
| 18:09 | Research | Padded Archer Armor |
| 19:28 | Build | Dock |
| 19:34 | Create | Archer ×5 |
| 19:38 | Research | Gold Mining |
| 19:39 | Research | Horse Collar |
| 19:45 | Research | Stone Mining |
| 20:11 | Create | Fishing Ship |
| 20:12 | Create | Fishing Ship |
| 20:14 | Create | Fishing Ship |
| 20:14 | Create | Fishing Ship |
| 20:21 | Build | Mining Camp |
| 20:24 | Research | Wheelbarrow |
| 20:38 | Age | Castle Age |
| 20:39 | Research | Crossbowman (upgrade) |
| 20:50 | Create | Archer ×5 |
| 21:16 | Create | Villager (Male) ×5 |
| 21:54 | Research | Bodkin Arrow |
| 22:01 | Build | House |
| 22:08 | Build | House |
| 22:33 | Create | Archer |
| 22:58 | Build | Castle |
| 23:46 | Create | Villager (Male) |
| 23:46 | Create | Villager (Male) |
| 23:49 | Create | Archer ×5 |
Build order — inmortand_joe
110 actions detected in the replay
| 0:03 | Create | Villager (Male) |
| 0:03 | Create | Villager (Male) |
| 0:03 | Create | Villager (Male) |
| 0:03 | Create | Villager (Male) |
| 0:03 | Create | Villager (Male) |
| 0:03 | Create | Villager (Male) |
| 0:06 | Build | House |
| 0:10 | Build | House |
| 1:24 | Create | Villager (Male) |
| 1:24 | Create | Villager (Male) |
| 1:24 | Create | Villager (Male) |
| 2:07 | Create | Villager (Male) |
| 2:07 | Create | Villager (Male) |
| 2:07 | Create | Villager (Male) |
| 2:35 | Create | Villager (Male) |
| 2:35 | Create | Villager (Male) |
| 2:35 | Create | Villager (Male) |
| 3:08 | Create | Villager (Male) |
| 3:08 | Create | Villager (Male) |
| 3:09 | Create | Villager (Male) |
| 3:34 | Create | Villager (Male) |
| 3:34 | Create | Villager (Male) |
| 3:34 | Create | Villager (Male) |
| 3:50 | Build | Mill |
| 3:57 | Create | Villager (Male) |
| 3:57 | Create | Villager (Male) |
| 4:18 | Create | Villager (Male) |
| 4:18 | Create | Villager (Male) |
| 4:18 | Create | Villager (Male) |
| 4:25 | Build | House |
| 4:40 | Create | Villager (Male) |
| 4:40 | Create | Villager (Male) |
| 5:05 | Create | Villager (Male) |
| 5:05 | Create | Villager (Male) |
| 5:05 | Create | Villager (Male) |
| 5:28 | Build | Lumber Camp |
| 5:31 | Create | Villager (Male) |
| 5:32 | Create | Villager (Male) |
| 5:32 | Create | Villager (Male) |
| 5:32 | Create | Villager (Male) |
| 6:11 | Build | House |
| 6:26 | Create | Villager (Male) |
| 7:26 | Build | Mill |
| 7:38 | Research | Loom |
| 8:09 | Research | Feudal Age |
| 9:20 | Build | House |
| 10:19 | Age | Feudal Age |
| 10:43 | Build | Blacksmith |
| 10:59 | Build | Market |
| 11:05 | Research | Loom |
| 11:20 | Build | Farm |
| 11:20 | Build | Farm |
| 11:21 | Build | Farm |
| 11:21 | Build | Farm |
| 11:21 | Build | Farm |
| 11:21 | Build | Farm |
| 11:22 | Build | Farm |
| 11:22 | Build | Farm |
| 11:22 | Build | Farm |
| 11:23 | Build | Farm |
| 12:27 | Build | Farm |
| 12:27 | Build | Farm |
| 12:27 | Build | Farm |
| 12:27 | Build | Farm |
| 12:27 | Build | Farm |
| 12:27 | Build | Farm |
| 12:27 | Build | Farm |
| 12:28 | Build | Farm |
| 12:29 | Build | Farm |
| 12:29 | Build | Farm |
| 12:30 | Build | Farm |
| 12:37 | Research | Castle Age |
| 12:56 | Build | Palisade Wall |
| 13:02 | Build | Palisade Wall |
| 13:28 | Build | Lumber Camp |
| 13:43 | Create | Villager (Male) |
| 13:43 | Create | Villager (Male) |
| 14:27 | Build | Palisade Wall |
| 14:41 | Create | Villager (Male) |
| 14:41 | Create | Villager (Male) |
| 14:59 | Build | Mining Camp |
| 15:17 | Age | Castle Age |
| 15:21 | Build | Mining Camp |
| 15:29 | Create | Villager (Male) |
| 15:30 | Create | Villager (Male) |
| 15:40 | Build | Siege Workshop |
| 16:01 | Build | Palisade Wall |
| 17:07 | Create | Mangonel |
| 17:31 | Create | Villager (Male) |
| 17:31 | Create | Villager (Male) |
| 17:31 | Create | Villager (Male) |
| 18:08 | Create | Villager (Male) |
| 18:08 | Create | Villager (Male) |
| 18:29 | Build | House |
| 18:30 | Build | House |
| 18:47 | Create | Villager (Male) |
| 18:47 | Create | Villager (Male) |
| 19:28 | Build | Farm |
| 19:42 | Create | Mangonel |
| 19:57 | Build | Palisade Wall |
| 20:23 | Build | Barracks |
| 20:58 | Build | Farm |
| 21:03 | Create | Scorpion |
| 21:03 | Create | Scorpion |
| 21:03 | Create | Scorpion |
| 21:04 | Create | Scorpion |
| 22:30 | Build | Palisade Wall |
| 22:41 | Build | House |
| 22:42 | Build | House |
| 23:04 | Build | Palisade Wall |
Match timeline
| 4:40 | kurdi · wall_segment Palisade Wall x4 |
| 5:52 | €njøy™ · first_building Barracks |
| 6:56 | kurdi · first_building Barracks |
| 7:31 | [M] Nico · wall_segment Palisade Wall x4 |
| 7:33 | [M] Nico · wall_segment Palisade Wall x7 |
| 7:35 | [M] Nico · wall_segment Palisade Wall x5 |
| 7:37 | [M] Nico · wall_segment Palisade Wall x8 |
| 7:43 | [M] Nico · wall_segment Palisade Wall x5 |
| 7:46 | [M] Nico · wall_segment Palisade Wall x7 |
| 8:55 | [M] Nico · wall_segment Palisade Wall x8 |
| 8:58 | [M] Nico · wall_segment Palisade Wall x7 |
| 10:07 | €njøy™ · age_up feudal |
| 10:15 | kurdi · age_up feudal |
| 10:17 | €njøy™ · first_building Dock |
| 10:19 | inmortand_joe · age_up feudal |
| 10:25 | €njøy™ · first_building Archery Range |
| 11:22 | €njøy™ · wall_segment Palisade Wall x5 |
| 12:04 | inmortand_joe · first_market_sell 100 stone |
| 12:51 | €njøy™ · wall_segment Palisade Wall x9 |
| 12:56 | inmortand_joe · wall_segment Palisade Wall x5 |
| 13:02 | inmortand_joe · wall_segment Palisade Wall x5 |
| 13:07 | [M] Nico · age_up feudal |
| 13:12 | kurdi · first_building Stable |
| 14:27 | inmortand_joe · wall_segment Palisade Wall x1 |
| 15:17 | inmortand_joe · age_up castle |
| 15:40 | inmortand_joe · first_building Siege Workshop |
| 16:01 | inmortand_joe · wall_segment Palisade Wall x4 |
| 16:49 | [M] Nico · wall_segment Palisade Wall x1 |
| 17:05 | [M] Nico · age_up castle |
| 17:23 | kurdi · age_up castle |
| 17:34 | [M] Nico · wall_segment Palisade Wall x1 |
| 19:57 | inmortand_joe · wall_segment Palisade Wall x13 |
| 20:01 | [M] Nico · wall_segment Palisade Wall x1 |
| 20:23 | inmortand_joe · first_building Barracks |
| 20:38 | €njøy™ · age_up castle |
| 20:43 | [M] Nico · first_building Monastery |
| 22:30 | inmortand_joe · wall_segment Palisade Wall x6 |
| 22:46 | [M] Nico · first_market_sell 100 wood |
| 22:58 | €njøy™ · first_building Castle |
| 23:04 | inmortand_joe · wall_segment Palisade Wall x6 |
| 23:04 | [M] Nico · first_market_buy 100 stone |
| 23:16 | [M] Nico · first_building Castle |
| 23:45 | inmortand_joe · resign |
[ AI ANALYSIS · 1 CREDIT ]
What really happened in this match?
Wolo.gg analyzes every decision: build order, eco, micro, common mistakes by bracket. Personalized analysis on WhatsApp or Discord in 30 seconds.
Civ guide
Wu
Map guide
MegaRandom
Perfil
[M] Nico